 Dungeon Crawl Stone Soup version 0.23.2 (webtiles) character file.

Game seed: 12963406846281290191

88 Acheron the Charlatan (level 4, -2/25 HPs)
             Began as a Deep Elf Artificer on Apr 1, 2019.
             Shot with a sling bullet by Joseph (9 damage)
             ... on level 9 of the Dungeon.
             The game lasted 00:12:27 (3203 turns).

Acheron the Charlatan (Deep Elf Artificer)          Turns: 3203, Time: 00:12:27

Health: -2/25      AC:  4    Str: 10    XL:     4   Next: 30%
Magic:  8/8        EV: 12    Int: 16    God:
Gold:   160        SH:  0    Dex: 15    Spells: 3/3 levels left

rFire    . . .     SeeInvis .   a - +0 short sword
rCold    . . .     Gourm    .   (no shield)
rNeg     . . .     Faith    .   b - +0 leather armour
rPois    .         Spirit   .   (no helmet)
rElec    .         Reflect  .   (no cloak)
rCorr    .         Harm     .   g - +0 pair of gloves
MR       .....                  (no boots)
Stlth    ++........             (no amulet)
HPRegen  0.08/turn              (no ring)
MPRegen  0.11/turn              (no ring)

@: no status effects
A: no striking features
a: no special abilities


You were on level 9 of the Dungeon.
You were not hungry.

You visited 1 branch of the dungeon, and saw 7 of its levels.

You collected 160 gold pieces.

Inventory:

Hand Weapons
 a - a +0 short sword (weapon)
 q - a +2 hunting sling of velocity
Missiles
 h - 13 poisoned needles
 n - 21 sling bullets
 t - 4 needles of sleeping
Armour
 b - a +0 leather armour (worn)
 g - a +0 pair of gloves (worn)
 o - a +1 robe of fire resistance
Jewellery
 k - an uncursed ring of resist corrosion {unknown}
 s - a cursed -3 ring of intelligence {unknown}
Wands
 c - a wand of flame (15)
 d - a wand of enslavement (14)
 e - a wand of random effects (12)
Scrolls
 l - 2 scrolls of teleportation {unknown}
 m - a scroll of amnesia {unknown}
 r - a scroll of magic mapping {unknown}
Potions
 i - 2 potions of curing
 j - a potion of flight
Comestibles
 f - 4 rations


   Skills:
 * Level 1.4 Fighting
 * Level 2.4 Short Blades
 + Level 0.5 Armour
 * Level 2.7 Dodging
 * Level 2.5 Stealth
 * Level 3.8 Evocations


You had 3 spell levels left.
You didn't know any spells.
Your spell library was empty.

Dungeon Overview and Level Annotations

Branches:
Dungeon (9/15)                Orc (0/2) D:9
 Temple: D:4-7         Lair: D:8-11

Altars:
Hepliaklqana
Nemelex Xobeh
Okawaru
Uskayaw
The Shining One

Shops:
D:7 %

Annotations:
D:9 Joseph


Message History

The leopard gecko barely misses you.
You climb downwards.
A quokka and Joseph come into view.
Found a scroll of identify.
Found three stairs.
There is a stone staircase leading up here.
You closely miss the leopard gecko. The leopard gecko misses you.
You barely miss the leopard gecko.
Joseph shouts!
A wyvern skeleton comes into view.
The leopard gecko misses you.
Joseph unwields a +0 quarterstaff.
Joseph wields a +0 hunting sling.
Joseph shoots a sling bullet.
The sling bullet hits you!
You barely miss the leopard gecko.
The leopard gecko bites you but does no damage.
You hit the leopard gecko.
The leopard gecko is moderately wounded.
The leopard gecko bites you.
* * * LOW HITPOINT WARNING * * *
Joseph shoots a sling bullet.
The sling bullet hits you!
You die...

##........
##......?. .
........Z. ..
........@###...
...............
<........>.....
#...........#
#....@l...#
#...........#
####........>.
............
..#..........
....##.........
... ..........
.# ......r...


You could see Joseph, a leopard gecko, a quokka and a wyvern skeleton.

Vanquished Creatures
  A gnoll (D:3)
  3 adders
  2 oozes (D:3)
  A dart slug (D:3)
  An orc (D:3)
  4 bats
  4 giant cockroaches
  6 goblins
  4 hobgoblins
  4 jackals
  2 quokkas
  3 frilled lizards (D:2)
  2 rats
37 creatures vanquished.

Vanquished Creatures (collateral kills)
  2 gnolls (D:3)
2 creatures vanquished.

Grand Total: 39 creatures vanquished

Notes
Turn   | Place    | Note
-------+----------+-------------------------------------------
     0 | D:1      | Acheron the Deep Elf Artificer began the quest for the Orb.
     0 | D:1      | Reached XP level 1. HP: 11/11 MP: 5/5
    99 | D:1      | Reached skill level 1 in Fighting
   431 | D:3      | Reached XP level 2. HP: 11/16 MP: 6/6
   584 | D:2      | Found a hide-covered altar of Uskayaw.
   585 | D:2      | Found a glowing golden altar of the Shining One.
   585 | D:2      | Found a sparkling altar of Nemelex Xobeh.
   594 | D:2      | Found a hazy altar of Hepliaklqana.
  1106 | D:2      | Reached XP level 3. HP: 20/20 MP: 7/7
  2122 | D:3      | Reached XP level 4. HP: 12/25 MP: 8/8
  2991 | D:4      | You fall through a shaft for 3 floors!
  2991 | D:7      | Noticed a bullfrog
  3118 | D:7      | Found Ylyel's Food Shoppe.
  3130 | D:7      | Found an iron altar of Okawaru.
  3131 | D:7      | Noticed a sky beast
  3132 | D:7      | Noticed a human
  3132 | D:7      | Noticed a human
  3176 | D:7      | Noticed a phantom
  3184 | D:7      | Noticed an ogre
  3199 | D:9      | Found a staircase to the Orcish Mines.
  3199 | D:9      | Noticed Joseph
  3203 | D:9      | Shot with a sling bullet by Joseph

Skill      XL: |  1  2  3 |
---------------+----------+-----
Fighting       | 1 |  1.4
Stealth        | 2 |  2.5
Short Blades   | 2 |  2.4
Armour         | |  0.5
Dodging        | |  2.7
Evocations     | |  3.8

Action                   |  1- 3 |  4- 6 || total
-------------------------+-------+-------++-------
Melee: Short sword       |   114 |    41 ||   155
Evoke: Wand              |     4 |       ||     4
  Use: Scroll            |     6 |     1 ||     7
       Potion            |     1 |       ||     1
 Stab: Sleeping          |     5 |       ||     5
  Eat: Ration            |     1 |     1 ||     2
       Chunk             |       |     1 ||     1
Armor: Leather armour    |    29 |    15 ||    44
Dodge: Dodged            |    62 |    39 ||   101
